 Dungeon Crawl Stone Soup version 0.29.1-13-g9f3cf754e1 (webtiles) character file.

Game seed: 9359613844157997993

58 hbarley the Trooper (level 4, -5/40 HPs)
             Began as a Hill Orc Fighter on Jan 30, 2023.
             Killed from afar by Natasha (8 damage)
             ... with a magic dart
             ... on level 2 of the Dungeon.
             The game lasted 00:01:53 (1113 turns).

hbarley the Trooper (Hill Orc Fighter)              Turns: 1113, Time: 00:01:54

Health: -5/40      AC:  9    Str: 18    XL:     4   Next: 2%
Magic:  4/4        EV:  6    Int:  8    God:
Gold:   75         SH:  4    Dex: 12    Spells: 3/3 levels left

rFire   . . .      SeeInvis .   a - +0 war axe
rCold   . . .      Faith    .   c - +0 buckler
rNeg    . . .      Spirit   .   j - +0 chain mail
rPois   .          Reflect  .   (no helmet)
rElec   .          Harm     .   (no cloak)
rCorr   .          Rampage  .   (no gloves)
Will    .....                   (no boots)
Stlth   ..........              (no amulet)
HPRegen 0.13/turn               (no ring)
MPRegen 0.09/turn               (no ring)

@: slowed, very slow
A: no striking features
a: no special abilities


You were on level 2 of the Dungeon.
You visited 1 branch of the dungeon, and saw 2 of its levels.

You collected 75 gold pieces.

Inventory:

Hand Weapons
 a - a +0 war axe (weapon)
Armour
 b - a +0 scale mail
 c - a +0 buckler (worn)
 j - a +0 chain mail (worn)
Scrolls
 e - a scroll of fear {unknown}
 f - a scroll of magic mapping {unknown}
 g - a scroll of torment {unknown}
 h - 4 scrolls of identify {unknown}
 k - a scroll of teleportation {unknown}
Potions
 d - a potion of might
 i - a potion of lignification {unknown}


   Skills:
 + Level 4.2 Fighting
 + Level 3.4 Axes
 + Level 4.0 Armour
 + Level 0.2 Dodging
 + Level 3.7 Shields


You had 3 spell levels left.
You didn't know any spells.
Your spell library was empty.

Dungeon Overview and Level Annotations

Branches:
Dungeon (2/15)

Altars:

Annotations:
D:2 Natasha


Message History

The worm is severely wounded.
You closely miss the bat. The bat hits you but does no damage. x2
Natasha zaps a wand.
The bolt of dispelling energy hits you! The worm bites you.
You barely miss the worm.
The worm is severely wounded.
You closely miss the bat. The bat hits you.
The bat hits you but does no damage. Natasha casts a spell at you.
The magic dart hits you.
You slash the worm!
You kill the worm!
You barely miss the bat. The bat barely misses you.
The bat hits you but does no damage. You block the bat's attack.
Natasha casts a spell at you. The magic dart hits you.
* * * LOW HITPOINT WARNING * * *
You have reached level 4!
You slash the bat!
You kill the bat!
Natasha casts a spell.
The white imp shouts!
You see here 3 stones.
Natasha casts a spell at you. The magic dart hits you.
* * * LOW HITPOINT WARNING * * *
The white imp gestures at you.
The puff of frost hits you but does no damage.
The white imp gestures at you. You block the puff of frost.
Natasha casts a spell.
Natasha casts a spell at you. The magic dart hits you.
* * * LOW HITPOINT WARNING * * *
The crimson imp blinks!
Natasha casts a spell at you.
You feel yourself slow down. Natasha casts a spell at you.
The magic dart hits you!
You die...

# ##.# #..##.##....# #.
### #.## #..#..##.##..#
. ..####..## ##.#h###.#
#.# #........# #...###.#
..#
#######..#######...)..)#
..# #......##...###..#
..# #.........#.# #..#
#.. #.........#.# ##.#
#.........@.####.##
#.....†..##÷......#
#........##.......#
#........##.......#
#........##.......#
#........##>......#
#........##.<...).#
###################


You could see Natasha.

Vanquished Creatures
  Natasha (D:2)
  A worm (D:2)
  A dart slug (D:1)
  3 ball pythons (D:1)
  3 bats
  2 endoplasms
  3 giant cockroaches (D:1)
  2 goblins
  5 hobgoblins
  2 kobolds
  2 rats (D:1)
25 creatures vanquished.

Notes
Turn   | Place    | Note
-------+----------+-------------------------------------------
     0 | D:1      | hbarley the Hill Orc Fighter began the quest for the Orb.
     0 | D:1      | Reached XP level 1. HP: 19/19 MP: 1/1
   298 | D:1      | Reached XP level 2. HP: 27/27 MP: 2/2
   850 | D:1      | Found a faded altar of an unknown god.
   896 | D:2      | Noticed Natasha
   900 | D:2      | Noticed a crimson imp
   901 | D:2      | Killed Natasha
   902 | D:2      | Reached XP level 3. HP: 31/33 MP: 3/3
  1091 | D:2      | Noticed Natasha
  1095 | D:2      | Reached XP level 4. HP: 9/40 MP: 4/4
  1105 | D:2      | HP: 2/40 [Natasha/magic dart (3)]
  1113 | D:2      | Killed from afar by Natasha

Illustrated notes

Levels and vault maps discovered:
D:1:      dpeg_arrival_snail, layout_loops_ring, chequers_ecumenical_altar_grove
D:2:      layout_rooms, serial_park_tiny_1, uniq_natasha

Skill      XL: |  1  2  3 |
---------------+----------+-----
Fighting       | 4 |  4.2
Axes           | 3 |  3.4
Armour         | 4 |  4.0
Dodging        | |  0.2
Shields        | |  3.7

Action                   |  1- 3 |  4- 6 || total
-------------------------+-------+-------++-------
Melee: War axe           |    63 |     1 ||    64
Armor: Scale mail        |    29 |       ||    29
       Chain mail        |     6 |     1 ||     7
Dodge: Dodged            |    26 |       ||    26
Block: Buckler           |    17 |     1 ||    18
